 Dungeon Sprint DCSS version 0.19.5 (console) character file.

0 itsmu the Sneak (level 1, -2/16 HPs)
             Began as a Naga Air Elementalist on Mar 11, 2017.
             Was an Initiate of Makhleb.
             Slain by Terence
             ... wielding a +0 flail
              (4 damage)
             ... in the Dungeon (Sprint VI: "Thunderdome").
             The game lasted 00:01:03 (82 turns).

itsmu the Sneak (Naga Air Elementalist)               Turns: 82, Time: 00:01:04

Health: -2/16      AC:  1    Str: 10    XL:     1   Next: 10%
Magic:  0/3        EV: 10    Int: 15    God:    Makhleb [......]
Gold:   80         SH:  0    Dex: 11    Spells: 1 memorised, 3 levels left

rFire  . . .     SeeInvis +     a - +0 broad axe
rCold  . . .     Gourm    .     n - +0 robe
rNeg   . . .     Faith    .     (no shield)
rPois  +         Spirit   .     (no helmet)
rElec  .         Reflect  .     (no cloak)
rCorr  .         Harm     .     (no gloves)
MR     .....     NoTele   +     (no barding)
Stlth  ++........               (no amulet)
                                (no ring)
                                (no ring)

@: very slow
A: see invisible, deformed body, poison resistance, slowness 2, slow metabolism
1, spit poison 1, AC +0
a: Spit Poison, Renounce Religion


You were in the Dungeon.
You worshipped Makhleb.
Makhleb was noncommittal.
You were not hungry.

You visited 1 branch You collected 200 gold pieces.
You spent 120 gold pieces at shops.

Inventory:

Hand Weapons
 a - a +0 broad axe (weapon)
   (You bought it in a shop in the Dungeon)
Armour
 n - a +0 robe (worn)
Wands
 j - a wand of acid (5/15)
   (You found it in the Dungeon)
 k - a wand of iceblast (5/15)
   (You found it in the Dungeon)
Scrolls
 i - 4 scrolls of blinking
 l - 3 scrolls of fog
Potions
 d - a potion of curing
 e - 4 potions of heal wounds
 f - 4 potions of haste
 g - 2 potions of magic
 h - a potion of berserk rage
 m - a potion of resistance
Books
 b - a book of Air

   Spells                             Type                      Level
   a - Shock                          Conjuration/Air              1
   b - Swiftness                      Charms/Air                   2
   c - Repel Missiles                 Charms/Air                   2
   d - Static Discharge               Conjuration/Air              3
   e - Lightning Bolt                 Conjuration/Air              5
Comestibles
 c - a bread ration
 o - a chunk of flesh


   Skills:
 + Level 0.6 Fighting
 * Level 0.0 Axes
 + Level 0.5 Armour
 + Level 1.7 Dodging
 - Level 3.0 Stealth
 - Level 2.0 Spellcasting
 - Level 1.0 Conjurations
 - Level 3.0 Air Magic
 + Level 0.0 Invocations


You had 3 spell levels left.
You knew the following spells:

 Your Spells              Type           Power        Failure   Level  Hunger
a - Shock                 Conj/Air       #...         12%         1    #......


Dungeon Overview and Level Annotations

Branches:
Dungeon (1/1)

Altars:
Cheibriados
Dithmenos
Fedhas
Gozag
Makhleb
Okawaru
Ru
Sif Muna
Trog
Uskayaw
Vehumet
Xom
Yredelemnul
Zin
The Shining One
Jiyva

Shops:
D *[%?**[(!!!!

Annotations:
D Terence


Innate Abilities, Weirdness & Mutations

You cannot wear boots.
Your serpentine skin is tough. (AC +0)
You have supernaturally acute eyesight. (SInv)
Armour fits poorly on your strangely shaped body.
Your system is resistant to poisons. (rPois)
You cover ground very slowly.
You have a slow metabolism.
You can spit poison.


Message History

Aiming: Shock
Press: ? - help, Shift-Dir - straight line, f/p - Terence
Aim: Terence, wielding a flail and wearing a scale mail (moderately wounded)
The zap hits Terence.
Terence appears unharmed.
Terence is moderately wounded.
Press: ? - help, Shift-Dir - straight line, f/p - Terence
Aim: Terence, wielding a flail and wearing a scale mail (moderately wounded)
The splash of poison hits Terence.
Terence is poisoned.
Terence is heavily wounded.
You feel slightly more hungry. Terence barely misses you.
You hit Terence.
Terence is almost dead.
Terence hits you with a flail!
You barely miss Terence.
Terence is almost dead.
You have got your breath back.
Terence hits you with a flail!
* * * LOW HITPOINT WARNING * * *
Terence hits you with a flail.
You die...

###.......
#⌠........
######.8.......
##∩__.......# #.
###∩........8. #.
##.............###.
#⌠..........# #...#
#⌠..........# #.<.#
#⌠M@........###...#
##.............###.
###∩........8.# #.
##∩.__......###.
######.8.......
#⌠........
###....... #_......
#_......


You could see Terence.

Vanquished Creatures
  A frilled lizard (D)
1 creature vanquished.

Notes
Turn   | Place    | Note
-------+----------+-------------------------------------------
     0 | D        | itsmu the Naga Air Elementalist began the quest for the Orb.
     0 | D        | Reached XP level 1. HP: 15/15 MP: 3/3
     1 | D        | Found a radiant altar of Vehumet.
     1 | D        | Found a glowing silver altar of Zin.
     2 | D        | Found a hide-covered altar of Uskayaw.
     2 | D        | Found a blossoming altar of Fedhas.
     3 | D        | Found a snail-covered altar of Cheibriados.
     3 | D        | Found a shadowy altar of Dithmenos.
     4 | D        | Found a glowing golden altar of the Shining One.
     4 | D        | Found a bloodstained altar of Trog.
     4 | D        | Found a sacrificial altar of Ru.
     4 | D        | Found Guewas's Weapon Rack.
     4 | D        | Found Umnuny's Premium Goods.
     4 | D        | Round 1.
     5 | D        | Found Lapsul's Basic Armour.
     5 | D        | Found Lyzxit's Miscellaneous Merchandise.
    12 | D        | Bought a +0 broad axe for 120 gold pieces
    18 | D        | Found Liyt's Do-It-Yourself Clinic.
    18 | D        | Found Jiymme's Bottled Wisdom.
    19 | D        | Found Jiskugoh's Distillery.
    20 | D        | Found a viscous altar of Jiyva.
    20 | D        | Found an iron altar of Okawaru.
    20 | D        | Found Kubress's Distillery.
    27 | D        | Found an opulent altar of Gozag.
    39 | D        | Noticed Terence
    45 | D        | Found a basalt altar of Yredelemnul.
    53 | D        | Found a burning altar of Makhleb.
    53 | D        | Found Rulu's Identification Station.
    53 | D        | Found Ufuz's Advanced Armour.
    54 | D        | Found Qionail's Jewellery.
    57 | D        | Became a worshipper of Makhleb the Destroyer
    58 | D        | Found a deep blue altar of Sif Muna.
    58 | D        | Found a shimmering altar of Xom.
    58 | D        | Found Peavvasu's Bee Food.
    82 | D        | Slain by Terence

Action                   || total
-------------------------++-------
Melee: Broad axe         ||     4
 Cast: Shock             ||     3
 Abil: Spit Poison       ||     1
Dodge: Dodged            ||     3
